Map: Dash and Terminal LE (Void)

Players

TheZeus - Winner!

  • Race: Protoss Protoss
  • League: Bronze

ePunk

  • Race: Zerg Zerg
  • League: Gold

VOD

Have the link to the VOD?

Description

Time

  • Played on: Sept. 10, 2015, 10:30 a.m.
  • Length: 23:19
Show
View Real Time Build Order
Export as new Build Order

TheZeus Protoss - Winner!

Build Orders: Nexus First 

Get SALT Encoding   

  12  0:00  Probe (Chrono Boost)  
  13  0:11  Probe (Chrono Boost)  
  14  0:20  Pylon  
  14  0:23  Probe (Chrono Boost)  
  15  0:38  Probe (Chrono Boost)  
  16  0:48  Probe (Chrono Boost)  
  17  1:05  Nexus  
  17  1:06  Probe (Chrono Boost)  
  18  1:17  Probe (Chrono Boost)  
  19  1:23  Gateway  
  19  1:27  Probe (Chrono Boost)  
  20  1:37  Probe (Chrono Boost)  
  21  1:40  Assimilator  
  21  1:42  Assimilator  
  21  1:47  Probe (Chrono Boost)  
  21  1:53  Pylon  
  22  2:11  Cybernetics Core  
  22  2:15  Gateway  
  22  2:18  Probe x2 (Chrono Boost)  
  24  2:22  Pylon  
  24  2:28  Probe (Chrono Boost)  
  25  2:36  Probe (Chrono Boost)  
  26  2:42  Probe (Chrono Boost)  
  26  2:52  Mothership Core (Chrono Boost), Warp Gate (Chrono Boost)  
  28  3:00  Adept  
  30  3:07  Probe  
  30  3:10  Probe  
  32  3:13  Pylon  
  32  3:14  Robotics Facility  
  32  3:19  Twilight Council  
  32  3:51  Gateway  
  32  3:53  Gateway, Probe  
  32  3:55  Gateway, Probe  
  34  4:02  Gateway  
  34  4:03  Observer (Chrono Boost)  
  35  4:14  Pylon  
  35  4:23  Warp Prism  
  37  4:26  Probe, Pylon  
  37  4:27  Probe  
  37  4:29  Assimilator  
  39  4:36  Probe  
  40  4:39  Probe  
  41  4:48  Forge  
  41  4:50  Shield Upgrade (Chrono Boost)  
  41  4:51  Adept x2  
  41  4:52  Adept  
  47  4:56  Adept  
  49  5:08  Probe  
  49  5:10  Probe  
  51  5:16  Immortal  
  55  5:22  Probe  
  56  5:38  Adept x3  
  54  5:51  Adept  
  54  5:52  Adept  
  52  6:07  Adept x2  
  52  6:08  Adept  
  58  6:16  Immortal (Chrono Boost)  
  58  6:22  Probe  
  58  6:23  Adept x2  
  58  6:24  Probe  
  62  6:31  Assimilator  
  58  6:33  Probe  
  58  6:36  Probe  
  60  6:43  Probe  
  61  6:47  Gateway  
  61  6:48  Gateway  
  61  6:50  Gateway, Protoss Ground Weapons Level 1 (Chrono Boost)  
  61  6:51  Immortal (Chrono Boost)  
  61  6:56  Charge (Chrono Boost)  
  61  6:59  Adept x2  
  61  7:00  Adept x2  
  73  7:04  Stalker  
  75  7:09  Stalker  
  77  7:27  Observer, Pylon  
  77  7:31  Pylon  
  77  7:34  Pylon  
  78  7:43  Pylon  
  78  7:45  Observer  
  78  7:46  Pylon  
  79  7:51  Adept  
  79  7:52  Adept x2  
  79  7:53  Adept x4  
  79  8:32  Adept  
  79  8:33  Adept x2  
  85  8:34  Adept  
  87  8:44  Probe  
  87  8:46  Probe  
  87  8:54  Probe  
  85  8:58  Probe, Protoss Ground Weapons Level 2 (Chrono Boost)  
  85  9:00  Templar Archives  
  85  9:02  Pylon  
  83  9:14  Adept x2  
  83  9:15  Adept x4  
  83  9:16  Sentry  
  97  9:20  Nexus  
  97  9:24  Psionic Storm, Assimilator  
  97  9:27  Assimilator  
  97  9:30  Pylon  
  97  9:32  Pylon  
  97  9:38  Pylon  
  96  9:55  Zealot x4  
  96  9:56  Zealot x3  
  98  10:23  High Templar  
  98  10:24  High Templar  
  98  10:25  Photon Cannon  
  98  10:27  Photon Cannon  
  100  10:31  Photon Cannon  
  100  10:39  Forge  
  100  10:41  Pylon  
  100  10:42  Stalker x2  
  104  10:46  Stalker  
  106  11:06  Zealot x4  
  106  11:07  Zealot x4  
  122  11:18  Probe x2  
  116  11:20  Probe  
  109  11:28  Probe x2  
  109  11:32  Probe  
  112  11:38  Probe  
  112  11:46  Probe  
  113  11:48  Probe x2  
  113  11:54  High Templar x4  
  118  11:58  Zealot x3  
  118  11:59  Zealot x2  
  134  12:10  Probe  
  134  12:11  Immortal, Probe  
  138  12:27  Nexus  
  138  12:31  Assimilator  
  138  12:33  Assimilator  
  138  12:36  Pylon  
  138  12:51  Zealot x3  
  138  12:52  Zealot x5  
  138  12:53  Zealot  
  156  13:12  Protoss Ground Armor Level 1 (Chrono Boost)  
  156  13:15  Probe  
  156  13:17  Probe  
  158  13:20  Protoss Ground Weapons Level 3 (Chrono Boost)  
  158  13:25  Gateway  
  158  13:27  Gateway  
  158  13:30  Gateway  
  158  13:34  Gateway  
  134  14:16  Immortal (Chrono Boost)  
  100  14:23  Robotics Facility  
  90  14:24  Robotics Facility  
  90  14:30  Robotics Facility  
  70  14:33  Photon Cannon  
  70  14:35  High Templar x4, Photon Cannon  
  70  14:36  High Templar x5  
  88  14:41  Archon x4  
  88  14:50  Immortal (Chrono Boost)  
  92  15:00  Protoss Ground Armor Level 2  
  92  15:03  Probe  
  93  15:15  High Templar  
  93  15:17  Zealot x3  
  93  15:18  Zealot x6  
  93  15:19  Zealot x3  
  119  15:22  Immortal (Chrono Boost)  
  127  15:45  Immortal (Chrono Boost)  
  127  15:49  Protoss Shields Level 1  
  135  15:53  Immortal (Chrono Boost)  
  135  15:56  Immortal (Chrono Boost)  
  135  16:07  High Templar  
  135  16:08  Zealot x2  
  135  16:09  Zealot x5  
  151  16:29  Zealot  
  151  16:30  Zealot x5  
  151  16:31  Zealot x2  
  167  16:36  High Templar x3  
  167  16:37  High Templar  
  139  16:52  Archon x2  
  139  16:53  Archon  
  139  17:01  Immortal (Chrono Boost)  
  143  17:07  Immortal x2 (Chrono Boost)  
  151  17:09  High Templar  
  151  17:11  Zealot x3  
  159  17:21  Archon  
  159  17:36  Pylon  
  159  17:55  High Templar x3  
  159  17:57  Zealot x5  
  159  17:58  Zealot x4  
  181  18:01  Archon  
  155  18:17  Immortal (Chrono Boost)  
  132  18:22  Immortal x2 (Chrono Boost)  
  97  18:30  High Templar x2  
  97  18:31  High Templar x2  
  97  18:32  Zealot  
  107  18:34  Zealot  
  107  18:35  Zealot x2  
  107  18:37  Archon x2  
  113  18:44  Observer (Chrono Boost)  
  113  18:48  Observer (Chrono Boost)  
  115  18:56  Protoss Ground Armor Level 3  
  115  19:09  Nexus  
  115  19:11  Assimilator  
  115  19:13  Immortal  
  115  19:15  Assimilator  
  115  19:19  Photon Cannon  
  115  19:22  High Templar x2  
  123  19:26  Archon  
  123  19:31  Zealot x2  
  123  19:32  Zealot  
  128  19:57  High Templar x3  
  128  19:59  Zealot x5  
  144  20:00  Zealot x3  
  144  20:04  Archon  
  150  20:13  High Templar  
  152  20:15  Zealot  
  152  20:19  Archon  
  154  20:30  Immortal  
  154  20:31  Immortal  
  154  20:34  Observer  
  154  20:38  Observer  
  154  20:39  Zealot  
  154  20:40  Zealot x5  
  176  21:13  Stalker x3  
  176  21:14  Stalker x5  
  132  21:34  Zealot  
  132  21:35  Zealot x2  
  132  21:36  Zealot x3  
  138  21:58  Zealot x4  
  138  21:59  Zealot x6  
  154  22:09  High Templar x3  
  158  22:26  High Templar x5  
  158  22:27  High Templar  
  158  22:28  Zealot x2  
  158  22:29  Zealot x2  
  142  22:30  Archon  
  142  22:34  Archon x2  
  142  22:35  Archon  
  116  23:09  High Templar x5  
  116  23:11  Zealot x4  
  116  23:12  Zealot x3  
  140  23:13  Archon x2  
Show
View Real Time Build Order
Export as new Build Order

ePunk Zerg 

Build Orders: Hatch First, Lurkers 

Get SALT Encoding   

  12  0:01  Drone  
  13  0:09  Drone  
  14  0:19  Overlord  
  14  0:27  Extractor  
  13  0:28  Drone  
  13  0:29  Extractor  
  13  0:30  Drone  
  16  0:38  Drone  
  17  0:59  Hatchery  
  17  1:02  Drone  
  17  1:16  Spawning Pool  
  17  1:17  Drone  
  17  1:19  Extractor  
  16  1:26  Drone  
  16  1:28  Drone  
  18  1:35  Drone  
  19  1:46  Overlord  
  19  1:54  Drone  
  20  2:04  Queen  
  20  2:06  Zergling x2  
  23  2:11  Queen  
  23  2:13  Drone  
  23  2:14  Drone  
  27  2:23  Drone x2  
  27  2:24  Metabolic Boost  
  29  2:35  Overlord  
  29  2:39  Drone  
  29  2:43  Queen  
  32  2:55  Drone x4  
  36  3:09  Drone x2  
  38  3:15  Drone x3  
  38  3:19  Overlord x2  
  41  3:27  Lair  
  40  3:29  Drone x3  
  40  3:30  Extractor  
  42  3:36  Roach Warren  
  41  3:44  Spine Crawler  
  41  3:46  Drone x2  
  41  3:47  Drone  
  43  3:54  Extractor  
  42  4:01  Drone  
  43  4:15  Overlord x2  
  43  4:18  Extractor  
  43  4:22  Drone  
  43  4:27  Roach x3  
  43  4:28  Roach  
  43  4:29  Hydralisk Den  
  50  4:34  Drone x3  
  50  4:37  Overlord x2  
  53  4:38  Drone x2  
  55  4:55  Ravager x2  
  55  4:56  Ravager x2, Lurker Den  
  55  4:58  Zergling x6  
  55  4:59  Zergling x12  
  68  5:13  Hydralisk  
  70  5:29  Hydralisk  
  70  5:30  Hydralisk x3  
  70  5:54  Zergling x12  
  73  6:41  Hatchery  
  73  6:44  Lurker x2  
  73  6:45  Lurker x2  
  76  6:53  Evolution Chamber  
  76  6:54  Drone x11  
  76  6:55  Drone x5, Spore Crawler  
  90  7:23  Overlord  
  90  7:24  Overlord x3  
  90  7:39  Zerg Ground Armor Level 1  
  90  7:43  Evolution Chamber, Drone x2  
  90  7:44  Drone, Infestation Pit  
  91  7:55  Zergling x2  
  91  7:56  Zergling x16  
  95  8:20  Extractor  
  95  8:21  Extractor  
  95  8:22  Hive  
  95  8:24  Zerg Melee Weapons Level 1  
  93  8:35  Spore Crawler  
  93  8:36  Hydralisk  
  93  8:37  Hydralisk x13  
  117  8:55  Drone x2  
  117  8:56  Drone  
  117  8:57  Drone x3  
  121  9:05  Overseer  
  121  9:15  Hatchery  
  120  9:17  Spore Crawler, Queen  
  120  9:19  Overlord x5  
  121  9:33  Spore Crawler, Overseer  
  120  9:43  Ultralisk Cavern  
  119  9:47  Zerg Ground Armor Level 2  
  119  9:55  Drone x5  
  124  10:02  Queen x3  
  124  10:04  Overlord x3  
  118  10:42  Ultralisk x2  
  148  10:43  Ultralisk x3  
  148  11:09  Hatchery  
  148  11:10  Zerg Melee Weapons Level 2  
  148  11:11  Adrenal Glands  
  147  11:12  Chitinous Plating  
  141  11:30  Queen  
  141  11:31  Overlord x3  
  143  11:47  Ultralisk  
  143  11:48  Ultralisk  
  155  12:03  Viper x3  
  155  12:04  Viper  
  167  12:14  Drone x3  
  167  12:15  Drone x3  
  173  12:29  Drone x4, Queen  
  177  12:30  Queen  
  181  12:52  Extractor  
  181  12:54  Extractor  
  181  12:58  Ultralisk x2  
  191  13:40  Zerg Ground Armor Level 3  
  191  13:41  Zerg Melee Weapons Level 3  
  119  14:11  Zergling x8  
  119  14:12  Zergling x32  
  119  14:13  Zergling x12  
  118  14:28  Drone  
  118  14:29  Drone x11  
  118  14:30  Drone x3  
  133  14:39  Queen  
  135  14:49  Extractor  
  135  14:51  Extractor  
  133  14:53  Drone x2  
  133  14:58  Queen x2  
  139  15:26  Ultralisk x3  
  157  15:37  Queen x4  
  165  16:04  Hatchery  
  164  16:11  Queen  
  164  16:13  Ultralisk, Queen x2  
  137  16:51  Hydralisk x7  
  137  16:52  Hydralisk x7  
  165  17:23  Muscular Augments  
  165  17:24  Zerg Missile Weapons Level 1  
  165  17:29  Lurker  
  168  17:30  Lurker x5  
  168  17:31  Lurker x2  
  168  17:33  Lurker x2  
  168  17:34  Lurker x3  
  168  17:36  Hydralisk x5  
  168  18:16  Zergling x18  
  168  18:17  Zergling x30  
  168  18:18  Zergling x4  
  131  18:55  Ultralisk  
  131  18:56  Ultralisk x4  
  155  19:05  Ultralisk  
  161  19:19  Ultralisk  
  167  19:39  Zerg Missile Weapons Level 2  
  167  19:41  Hatchery  
  167  19:42  Hydralisk  
  167  19:43  Hydralisk x4  
  176  19:55  Overseer  
  176  19:56  Overseer  
  176  20:16  Hydralisk x7  
  176  20:17  Hydralisk x3  
  196  20:29  Spore Crawler  
  195  20:36  Spore Crawler  
  195  20:37  Spore Crawler  
  193  21:11  Extractor  
  193  21:14  Extractor  
  120  21:40  Ultralisk x7  
  154  21:53  Zergling x10  
  154  21:54  Zergling x14  
  139  22:28  Zergling x14  
  139  22:29  Zergling x26  
  73  22:42  Zergling x2  
  73  22:43  Zergling x12  
Tags
 
Add a new tag
Caveats
  • Supply blocks, unpowered buildings, or Contaminate may cause inaccurate times.
  • Supply counts are checked every 10 seconds.